 Dungeon Crawl Stone Soup version 0.28-a0-1114-g8eb0198dcf (webtiles) character file.

Game seed: 7073538148233346810

23081 BinkBink the Carver (level 12, -12/105 HPs)
             Began as a Demonspawn Chaos Knight on Dec 11, 2021.
             Was a Plaything of Xom.
             Mangled by a skeletal warrior (38 damage)
             ... led by a skeletal warrior
             ... on level 14 of the Dungeon.
             The game lasted 00:31:17 (13631 turns).

BinkBink the Carver (Demonspawn Chaos Knight)      Turns: 13631, Time: 00:31:18

Health: -12/105    AC: 12    Str: 19    XL:     12   Next: 68%
Magic:  12/12      EV: 16    Int: 11    God:    Xom [*.....]
Gold:   880        SH: 15    Dex: 16    Spells: 11/11 levels left

rFire   + + .      SeeInvis .   a - +3 falchion (chaos)
rCold   . . .      Faith    .   u - +0 buckler
rNeg    . . .      Spirit   .   A - +2 troll leather armour
rPois   .          Reflect  +   (helmet restricted)
rElec   +          Harm     .   (no cloak)
rCorr   .          Rampage  .   k - +0 pair of gloves
Will    ++...                   (no boots)
Stlth   ++........              c - amulet of reflection
HPRegen 1.07/turn               f - ring of Xewniz {rElec rF+ Will+ Int-4}
MPRegen 0.13/turn               K - +6 ring of strength

@: mighty, lethally poisoned (-12 -> -13), cleaving, unable to read
A: horns 2, thin metallic scales 3, demonic guardian 2, robust 1, spiny 1, large
bone plates 1, fire resistance 1, strong-willed 1, passive freeze, screaming 1,
electricity resistance, inability to read while threatened, MP-powered wands
a: Renounce Religion


You were on level 14 of the Dungeon.
You worshipped Xom.
You were a special plaything of Xom.
You visited 1 branch of the dungeon, and saw 14 of its levels.

You collected 880 gold pieces.

Inventory:

Hand Weapons
 a - a +3 falchion of chaos (weapon)
 B - a +2 great sword
 I - a +4 scimitar of flaming
Missiles
 w - a throwing net (quivered)
Armour
 k - a +0 pair of gloves (worn)
 r - a +3 leather armour
 u - a +0 buckler (worn)
 A - a +2 troll leather armour (worn)
 J - the +1 leather armour "Xisumn" {rC- Will+ Str+4}
   (You found it on level 13 of the Dungeon)

   Str:       It affects your strength (+4).
   rC:        It makes you vulnerable to cold.
   Will:      It increases your willpower.
Jewellery
 c - an amulet of reflection (around neck)
 d - a ring of fire
 f - the ring of Xewniz (left hand) {rElec rF+ Will+ Int-4}
   (Xom gifted it to you on level 8 of the Dungeon)

   [ring of willpower]

   Int:       It affects your intelligence (-4).
   rF:        It protects you from fire.
   rElec:     It insulates you from electricity.
   Will:      It increases your willpower.
 D - an amulet of magic regeneration
 E - a ring of wizardry
 K - a +6 ring of strength (right hand)
 M - a ring of poison resistance
Wands
 e - a wand of polymorph (5)
 y - a wand of flame (2)
 F - a wand of digging (7)
 H - a wand of iceblast (1)
 L - a wand of paralysis (4)
Scrolls
 g - a scroll of summoning {unknown}
 o - 3 scrolls of amnesia
 p - a scroll of fear
 t - 2 scrolls of immolation
 v - a scroll of holy word
 z - 6 scrolls of teleportation
 C - a scroll of fog
 O - a scroll of magic mapping {unknown}
Potions
 b - a potion of ambrosia
 h - a potion of flight
 j - 5 potions of curing
 l - a potion of magic {unknown}
 m - 5 potions of invisibility
 n - 3 potions of heal wounds
 q - 4 potions of degeneration
 s - 2 potions of resistance {unknown}
 x - 3 potions of attraction
 G - 2 potions of brilliance {unknown}
Miscellaneous
 N - a phantom mirror


   Skills:
 + Level 9.5 Fighting
 + Level 12.3 Long Blades
 + Level 5.9 Armour
 + Level 8.2 Dodging
 - Level 3.8 Stealth
 + Level 8.2 Shields
 - Level 1.9 Evocations


You had 11 spell levels left.
You didn't know any spells.
Your spell library contained the following spells:

 Spells                   Type           Power      Damage    Failure   Level
 Animate Skeleton         Necr           0%         N/A       38%         1
 Magic Dart               Conj           0%         1d3       38%         1
 Pain                     Necr           0%         1d4       38%         1
 Slow                     Hex            0%         N/A       38%         1
 Call Imp                 Summ           0%         N/A       52%         2
 Corpse Rot               Necr/Air       0%         N/A       52%         2
 Poisonous Vapours        Pois/Air       0%         N/A       52%         2
 Call Canine Familiar     Summ           0%         N/A       77%         3
 Confusing Touch          Hex            0%         N/A       77%         3
 Conjure Flame            Conj/Fire      0%         6-21      77%         3
 Ignite Poison            Fire/Tmut/Pois 0%         N/A       77%         3
 Mephitic Cloud           Conj/Pois/Air  0%         N/A       77%         3
 Portal Projectile        Hex/Tloc       0%         N/A       77%         3
 Vampiric Draining        Necr           0%         2d6       77%         3
 Leda's Liquefaction      Hex/Erth       0%         N/A       99%         4
 Sticky Flame             Conj/Fire      0%         2d3       99%         4
 Blade Hands              Tmut           0%         N/A       100%        5
 Irradiate                Conj/Tmut      0%         3d14      100%        5
 Yara's Violent Unravell  Hex/Tmut       0%         3d3       100%        5
 Dragon Form              Tmut           0%         N/A       100%        7


Dungeon Overview and Level Annotations

Branches:
Dungeon (14/15)            Temple (0/1) D:5            Lair (0/6) D:11
    Orc (0/2) D:12
 Vaults: D:13-14

Altars:
Elyvilon
Gozag
Hepliaklqana
Ru
Sif Muna
Uskayaw
Vehumet
Xom
Zin

Shops:
D:8 (   D:10 *

Annotations:
D:5 1 runed translucent door, Crazy Yiuf
D:8 3 runed translucent doors, hemabe71's ghost, novice HuAr


Innate Abilities, Weirdness & Mutations

You have a pair of horns on your head.
You are completely covered in thin metallic scales. (AC +4, rElec)
A demonic guardian rushes to your aid.
You are robust. (+10% HP)
You are partially covered in sharp spines.
You are partially covered in large bone plates. (SH +4)
Your flesh is heat resistant. (rF+)
You are strong-willed. (Will+)
A frigid envelope surrounds you and freezes all who hurt you.
You occasionally shout uncontrollably at your foes.
You are resistant to electric shocks. (rElec)
You sometimes lose the ability to read scrolls when taking damage.
You expend magic power (3 MP) to strengthen your wands.


Message History

You block the skeletal warrior's attack.
You slash the skeletal warrior!
You destroy the skeletal warrior! "Get over here!"
The skeletal warrior blinks! "Fight to survive, mortal."
The skeletal warrior hits you with a +2 battleaxe of venom!
You are poisoned.
The skeletal warrior resists.
The skeletal warrior is very cold.
The skeletal warrior is lightly damaged.
You see here a +4 glaive of chaos.
You hit the skeletal warrior but do no damage.
The skeletal warrior seems to grow stronger.
You headbutt the skeletal warrior!
The skeletal warrior is moderately damaged.
You hit the quasit.
The quasit is poisoned.
You feel very sick.
You slash the skeletal warrior!
The skeletal warrior flickers and vanishes!
Deactivating autopickup; reactivate with Ctrl-A.
You hit the quasit. You freeze the quasit.
You feel sick.
You block the quasit's attack. x2; The quasit closely misses you.
Something hits you!!
You miss something. Your headbutt misses something. You hit the quasit.
You feel sick. You block the quasit's attack.
The quasit claws you but does no damage.
The quasit barely misses you. Something closely misses you.
You hit the quasit. Lightning courses through the quasit!
You kill the quasit!
The quasit disappears in a puff of smoke!
You completely miss something.
You feel sick.
You miss something. You headbutt something!
You feel sick. You block something's attack. The white imp gestures at you.
The puff of frost hits you.
* * * LOW HITPOINT WARNING * * *
You hit something but do no damage. Lightning courses through something!
Your headbutt misses something.
You feel sick. Something hits you!!!
You die...
Xom is highly amused!

######## #......# ########
#......# #......# #### #......#
####......#
...#####......#####)).......#
##............5ยง@{5.##......#####
#######......#########.##......[
####.### #.##.###### #.# #.##.#
..# #z##.# .### #z##.# ## #.##.# #
#.##...# #.##...#


You could see a quasit (summoned) and a white imp (summoned).

Vanquished Creatures
  Snorg (D:10)
  3 two-headed ogres
  A hydra (D:10)
  A centaur warrior (D:14)
  4 skeletal warriors
  2 deep elf pyromancers
  2 ugly things
  2 cyclopes
  A manticore (D:12)
  A water nymph (shapeshifter) (D:13)
  An unseen horror (D:13)
  Psyche (D:8)
  An efreet (D:13)
  A tengu conjurer (D:13)
  Prince Ribbit (D:6)
  3 trolls
  A hornet (D:10)
  3 slime creatures (D:13)
  2 shadows
  5 yaks
  Eustachio (D:5)
  A wraith (D:11)
  A wyvern (D:9)
  A steam dragon (D:10)
  3 vampire mosquitoes (D:12)
  Edmund (D:5)
  2 acid dragons (D:11)
  2 water moccasins
  An ice beast (D:7)
  9 orc warriors
  2 sky beasts (D:8)
  An ogre (D:4)
  7 centaurs
  4 black bears
  A kobold brigand (D:9)
  Blork the orc (D:5)
  2 bullfrogs (D:11)
  A gnoll sergeant (D:8)
  A wyvern skeleton (D:6)
  11 killer bees
  8 wights
  A troll skeleton (D:13)
  3 electric eels (D:7)
  A howler monkey (D:5)
  5 spriggan skeletons (D:13)
  2 bullfrog zombies
  2 hounds
  A jelly (D:4)
  5 orc priests
  3 centaur zombies
  A bullfrog skeleton (D:4)
  10 orc wizards
  2 iguanas
  A scorpion zombie (D:5)
  2 killer bee zombies
  2 howler monkey zombies
  8 gnolls
  5 adders
  A river rat (D:7)
  3 white imps
  An ufetubus (D:6)
  4 worms
  2 dart slugs (D:1)
  25 orcs
  4 endoplasms
  5 giant cockroaches
  6 goblins
  5 hobgoblins
  9 jackals
  A quokka (D:2)
  3 bats (D:3)
  4 frilled lizards
  11 kobolds
  4 rats
240 creatures vanquished.

Vanquished Creatures (collateral kills)
  A centaur warrior (D:9)
  A catoblepas (D:9)
  A two-headed ogre (D:12)
  2 skeletal warriors
  A cyclops (D:9)
  Grinder (D:6)
  2 orc warriors (D:9)
  A centaur (D:8)
  2 kobold brigands (D:9)
  A bullfrog (D:9)
  4 wights (D:9)
  A spriggan skeleton (D:13)
  A bullfrog zombie (D:6)
  An orc priest (D:9)
  3 orc wizards (D:9)
  3 gnolls
  An adder (D:4)
  2 orcs (D:9)
  A ball python (D:3)
  2 kobolds (D:9)
32 creatures vanquished.

Vanquished Creatures (others)
  4 fungi (D:11)
  16 plants
20 creatures vanquished.

Grand Total: 292 creatures vanquished

Notes
Turn   | Place    | Note
-------+----------+-------------------------------------------
     0 | D:1      | BinkBink the Demonspawn Chaos Knight began the quest for
                  | the Orb.
     0 | D:1      | Reached XP level 1. HP: 18/18 MP: 1/1
    84 | D:1      | Found a faded altar of an unknown god.
    85 | D:1      | XOM: silly message
   292 | D:1      | XOM: divination: detect creatures
   478 | D:1      | Gained mutation: A weak demonic guardian rushes to your
                  | aid. [demonic ancestry]
   478 | D:1      | Reached XP level 2. HP: 15/24 MP: 2/2
   486 | D:1      | Reached skill level 1 in Dodging
   614 | D:1      | XOM: noise
   638 | D:1      | XOM: divination: detect creatures
   679 | D:1      | Reached skill level 3 in Long Blades
   787 | D:1      | XOM: silly message
   998 | D:1      | XOM: 3-stop teleportation journey
  1385 | D:2      | XOM: enchant monster (good)
  1612 | D:2      | XOM: scenery: 1 doors open
  1628 | D:2      | XOM: noise
  1719 | D:2      | Gained mutation: You are partially covered in thin metallic
                  | scales. (AC +2) [demonic ancestry]
  1719 | D:2      | Reached XP level 3. HP: 21/29 MP: 3/3
  1846 | D:2      | You fall into a shaft and drop 2 floors!
  1879 | D:4      | XOM: silly message
  1928 | D:4      | XOM: summons 3 friendly demons
  1936 | D:4      | Gained mutation: You are partially covered in sharp spines.
                  | [demonic ancestry]
  1936 | D:4      | Reached XP level 4. HP: 20/37 MP: 4/4
  2669 | D:3      | XOM: blink monster(s)
  2792 | D:3      | XOM: god gift: 6 gold pieces
  2887 | D:3      | XOM: cast spell 'Cause Fear'
  2908 | D:3      | Gained mutation: You are mostly covered in thin metallic
                  | scales. (AC +3) [demonic ancestry]
  2908 | D:3      | Reached XP level 5. HP: 42/42 MP: 5/5
  2910 | D:3      | XOM: summons 5 friendly demons
  2923 | D:3      | Found a shimmering altar of Xom.
  2950 | D:3      | XOM: god gift: 41 gold pieces
  2998 | D:3      | XOM: god gift: fuming red potion {god gift}
  3251 | D:2      | XOM: god gift: tapered brass wand {god gift}
  3596 | D:4      | XOM: god gift: +1 barding of flying
  3742 | D:4      | Noticed an ogre
  3745 | D:4      | Killed an ogre
  3746 | D:4      | Reached skill level 4 in Long Blades
  3746 | D:4      | Reached skill level 1 in Stealth
  3746 | D:4      | Reached skill level 1 in Shields
  3746 | D:4      | Gained mutation: You have a pair of small horns on your
                  | head. [demonic ancestry]
  3746 | D:4      | Reached XP level 6. HP: 49/49 MP: 6/6
  3861 | D:4      | XOM: give mutations
  3861 | D:4      | Gained mutation: Your mind is acute. (Int +2) [Xom's grace]
  3861 | D:4      | Gained mutation: You expend magic power (3 MP) to
                  | strengthen your wands. [Xom's grace]
  3861 | D:4      | Gained mutation: You passively map a small area around you.
                  | [Xom's grace]
  3861 | D:4      | Gained mutation: A frigid envelope surrounds you and
                  | freezes all who hurt you. [Xom's grace]
  4312 | D:4      | XOM: give mutations
  4312 | D:4      | Gained mutation: You have large cloven feet. [Xom's
                  | mischief]
  4312 | D:4      | Gained mutation: You are clumsy. (Dex -2) [Xom's mischief]
  4339 | D:5      | Entered Level 5 of the Dungeon
  4365 | D:5      | Noticed Edmund
  4372 | D:5      | Killed Edmund
  4586 | D:5      | Found a staircase to the Ecumenical Temple.
  4643 | D:5      | XOM: noise
  4667 | D:5      | Noticed Blork the orc
  4673 | D:5      | Killed Blork the orc
  4674 | D:5      | Gained mutation: You are completely covered in thin
                  | metallic scales. (AC +4, rElec) [demonic ancestry]
  4674 | D:5      | Reached XP level 7. HP: 54/55 MP: 0/7
  4784 | D:5      | XOM: give mutations
  4784 | D:5      | Gained mutation: You are frail. (-10% HP) [Xom's mischief]
  4784 | D:5      | Lost mutation: You have large cloven feet. [Xom's mischief]
  4784 | D:5      | Gained mutation: Your body sometimes deteriorates upon
                  | taking damage. [Xom's mischief]
  4796 | D:5      | Reached skill level 5 in Long Blades
  4965 | D:5      | Noticed Eustachio
  4972 | D:5      | Killed Eustachio
  4973 | D:5      | Reached skill level 5 in Fighting
  4973 | D:5      | Reached skill level 1 in Evocations
  5088 | D:5      | XOM: summons 4 hostile demons
  5253 | D:5      | Found a runed translucent door.
  5254 | D:5      | Noticed Crazy Yiuf
  5462 | D:6      | Gained mutation: You have a pair of horns on your head.
                  | [demonic ancestry]
  5462 | D:6      | Reached XP level 8. HP: 51/55 MP: 8/8
  5463 | D:5      | XOM: confusion (+ monsters)
  5464 | D:5      | XOM: enchant monster (good)
  5471 | D:5      | Reached skill level 6 in Long Blades
  5656 | D:6      | XOM: summons 2 friendly demons
  5659 | D:6      | Noticed Grinder
  5669 | D:6      | Paralysed by Grinder for 7 turns
  5678 | D:6      | Killed Grinder
  5757 | D:6      | XOM: scenery: create altars
  5879 | D:6      | XOM: give mutations
  5879 | D:6      | Lost mutation: Your mind is acute. (Int +2) [Xom's
                  | mischief]
  5879 | D:6      | Lost mutation: You are clumsy. (Dex -2) [Xom's mischief]
  5879 | D:6      | Lost mutation: You passively map a small area around you.
                  | [Xom's mischief]
  5879 | D:6      | Gained mutation: Armour fits poorly on your strangely
                  | shaped body. [Xom's mischief]
  5938 | D:6      | XOM: give mutation
  6152 | D:6      | Found a sacrificial altar of Ru.
  6298 | D:6      | Found a hazy altar of Hepliaklqana.
  6436 | D:6      | Noticed Prince Ribbit
  6460 | D:6      | Killed Prince Ribbit
  6461 | D:6      | Reached XP level 9. HP: 49/62 MP: 9/9
  6497 | D:6      | XOM: give mutations
  6497 | D:6      | Gained mutation: You sometimes lose the ability to read
                  | scrolls when taking damage. [Xom's mischief]
  6497 | D:6      | Lost mutation: Armour fits poorly on your strangely shaped
                  | body. [Xom's mischief]
  6497 | D:6      | Gained mutation: You are dopey. (Int -2) [Xom's mischief]
  6497 | D:6      | Gained mutation: Armour fits poorly on your strangely
                  | shaped body. [Xom's mischief]
  6720 | D:7      | XOM: blink monster(s)
  6724 | D:7      | XOM: scenery: create altars
  6857 | D:7      | XOM: 2-stop teleportation journey
  7032 | D:7      | XOM: divination: detect items
  7038 | D:7      | XOM: noise
  7041 | D:7      | Reached skill level 7 in Long Blades
  7048 | D:7      | XOM: enchant monster (bad)
  7052 | D:7      | XOM: polymorph electric eel -> river rat
  7893 | D:8      | Found a runed translucent gate.
  7893 | D:8      | Found a runed translucent gate.
  7893 | D:8      | Found a runed translucent gate.
  7898 | D:8      | Noticed hemabe71's ghost (novice HuAr)
  7938 | D:8      | Noticed Psyche
  7938 | D:8      | XOM: swap monsters
  7949 | D:8      | Reached skill level 8 in Long Blades
  7950 | D:8      | XOM: confuse monster(s)
  7972 | D:8      | Killed Psyche
  7973 | D:8      | Reached skill level 5 in Dodging
  8189 | D:8      | Found a radiant altar of Vehumet.
  8317 | D:8      | Identified the ring of Xewniz {rElec rF+ Will+ Int-4} (Xom
                  | gifted it to you on level 8 of the Dungeon)
  8317 | D:8      | XOM: god gift: ring of Xewniz {rElec rF+ Will+ Int-4}
  8361 | D:8      | Found Lorejo's Antique Weapon Shop.
  8636 | D:8      | XOM: god gift: troll leather armour {god gift}
  8847 | D:9      | Gained mutation: A demonic guardian rushes to your aid.
                  | [demonic ancestry]
  8847 | D:9      | Reached XP level 10. HP: 65/69 MP: 10/10
  9207 | D:9      | XOM: polymorph orc -> hobgoblin
  9228 | D:9      | XOM: scenery: create altars
  9232 | D:9      | Reached skill level 9 in Long Blades
  9235 | D:9      | Noticed a catoblepas
  9238 | D:9      | Noticed a cyclops
  9253 | D:9      | XOM: give mutations
  9253 | D:9      | Gained mutation: You have sharp toenails. [Xom's grace]
  9253 | D:9      | Lost mutation: You are dopey. (Int -2) [Xom's grace]
  9258 | D:9      | Killed a catoblepas
  9269 | D:9      | Killed a cyclops
  9270 | D:9      | Reached skill level 5 in Armour
  9341 | D:9      | Found an opulent altar of Gozag.
  9365 | D:9      | Noticed a two-headed ogre
  9369 | D:9      | XOM: cast spell 'Call Canine Familiar'
  9378 | D:9      | Killed a two-headed ogre
  9379 | D:9      | Noticed a centaur warrior
  9492 | D:9      | Found a hide-covered altar of Uskayaw.
  9548 | D:9      | XOM: give mutations
  9548 | D:9      | Gained mutation: Your flesh is heat resistant. (rF+) [Xom's
                  | grace]
  9548 | D:9      | Gained mutation: You are strong-willed. (Will+) [Xom's
                  | grace]
  9548 | D:9      | Gained mutation: Your system is resistant to poisons.
                  | (rPois) [Xom's grace]
  9564 | D:9      | XOM: give mutations
  9564 | D:9      | Lost mutation: Your system is resistant to poisons. (rPois)
                  | [Xom's mischief]
  9564 | D:9      | Lost mutation: You are frail. (-10% HP) [Xom's mischief]
  9750 | D:9      | XOM: blink monster(s)
  9754 | D:9      | XOM: confuse monster(s)
  9897 | D:9      | XOM: polymorph hellwing -> ice devil
  9898 | D:9      | Killed a centaur warrior
  9899 | D:9      | Reached skill level 10 in Long Blades
  9899 | D:9      | Reached skill level 5 in Shields
  9899 | D:9      | Gained mutation: You are robust. (+10% HP) [demonic
                  | ancestry]
  9899 | D:9      | Reached XP level 11. HP: 41/92 MP: 11/11
  9949 | D:9      | XOM: scenery: create altars
 10056 | D:10     | Entered Level 10 of the Dungeon
 10133 | D:10     | XOM: summons 2 friendly demons
 10170 | D:10     | Noticed a five-headed hydra
 10179 | D:10     | Killed a seven-headed hydra
 10211 | D:10     | Noticed a skeletal warrior
 10370 | D:10     | Noticed Snorg
 10374 | D:10     | XOM: divination: detect creatures
 10380 | D:10     | Killed Snorg
 10511 | D:10     | Noticed an angel
 10513 | D:10     | Found Xear's Hallowed Reliquary.
 10554 | D:10     | XOM: scenery: 1 doors close
 10632 | D:10     | XOM: give mutations
 10632 | D:10     | Gained mutation: You are partially covered in large bone
                  | plates. (SH +4) [Xom's grace]
 10632 | D:10     | Gained mutation: Your flesh is cold resistant. (rC+) [Xom's
                  | grace]
 10637 | D:10     | Noticed a skeletal warrior
 10637 | D:10     | Noticed a skeletal warrior
 10640 | D:10     | XOM: cast spell 'Alistair's Intoxication'
 10663 | D:10     | XOM: enchant monster (good)
 10677 | D:10     | XOM: noise
 10680 | D:10     | Killed a skeletal warrior
 10682 | D:10     | XOM: noise
 10691 | D:10     | Killed a skeletal warrior
 10701 | D:10     | Killed a skeletal warrior
 11136 | D:10     | XOM: divination: detect creatures
 11235 | D:11     | XOM: confusion (+ monsters)
 11265 | D:11     | XOM: confusion (+ monsters)
 11269 | D:11     | XOM: polymorph something unseen -> killer bee
 11344 | D:11     | XOM: swap monsters
 11347 | D:11     | Noticed a two-headed ogre
 11350 | D:11     | XOM: enchant monster (bad)
 11355 | D:11     | XOM: chaos upgrade
 11359 | D:11     | XOM: scenery: summon butterflies
 11381 | D:11     | Killed a two-headed ogre
 11382 | D:11     | Reached skill level 11 in Long Blades
 11498 | D:11     | XOM: smoke on damage
 11501 | D:11     | XOM: enchant monster (good)
 11640 | D:11     | Found a staircase to the Lair.
 11759 | D:11     | Lost mutation: Your body sometimes deteriorates upon taking
                  | damage. [potion of mutation]
 11759 | D:11     | Lost mutation: You sometimes lose the ability to read
                  | scrolls when taking damage. [potion of mutation]
 11759 | D:11     | Gained mutation: Your spells are a little harder to cast,
                  | but a little more powerful. [potion of mutation]
 11760 | D:11     | Lost mutation: Your flesh is cold resistant. (rC+) [potion
                  | of mutation]
 11760 | D:11     | Lost mutation: Your spells are a little harder to cast, but
                  | a little more powerful. [potion of mutation]
 11760 | D:11     | Gained mutation: You are resistant to electric shocks.
                  | (rElec) [potion of mutation]
 11760 | D:11     | Lost mutation: You have sharp toenails. [potion of
                  | mutation]
 11774 | D:12     | Noticed a deep elf pyromancer
 11835 | D:12     | Killed a deep elf pyromancer
 11835 | D:12     | Noticed a two-headed ogre
 11841 | D:12     | Reached XP level 12. HP: 64/103 MP: 2/12
 11955 | D:12     | Killed a two-headed ogre
 12126 | D:12     | Noticed a two-headed ogre
 12134 | D:12     | Killed a two-headed ogre
 12173 | D:12     | XOM: 2-stop teleportation journey
 12274 | D:12     | Found a staircase to the Orcish Mines.
 12283 | D:12     | Identified the +1 flail of Tartarus {elec, Int+3}
 12355 | D:12     | XOM: noise
 12535 | D:12     | Found a shimmering blue altar of Sif Muna.
 12651 | D:12     | XOM: give mutation
 12651 | D:12     | Gained mutation: You sometimes lose the ability to read
                  | scrolls when taking damage. [Xom's mischief]
 12751 | D:13     | XOM: fog
 12808 | D:13     | XOM: silly message
 12827 | D:13     | Noticed a two-headed ogre
 12832 | D:13     | XOM: 2-stop teleportation journey
 12835 | D:13     | Identified the +1 leather armour "Xisumn" {rC- Will+ Str+4}
 12995 | D:13     | XOM: give mutations
 12995 | D:13     | Lost mutation: Armour fits poorly on your strangely shaped
                  | body. [Xom's mischief]
 12995 | D:13     | Gained mutation: You occasionally shout uncontrollably at
                  | your foes. [Xom's mischief]
 13004 | D:13     | XOM: 1-stop teleportation journey
 13354 | D:13     | XOM: enchant monster (good)
 13391 | D:13     | a two-headed ogre changed into a glowing shapeshifter
 13398 | D:13     | XOM: polymorph moth of wrath -> glowing shapeshifter
 13398 | D:13     | Noticed an anaconda
 13398 | D:13     | a glowing shapeshifter changed into an anaconda
 13403 | D:13     | an anaconda changed into a slime creature
 13529 | D:14     | XOM: swap monsters
 13534 | D:14     | XOM: silly message
 13560 | D:14     | Noticed a centaur warrior
 13568 | D:14     | XOM: summons friendly white imp
 13595 | D:14     | Reached skill level 12 in Long Blades
 13597 | D:14     | XOM: cleaving
 13611 | D:14     | Killed a centaur warrior
 13618 | D:14     | XOM: enchant monster (bad)
 13623 | D:14     | XOM: chaos upgrade
 13624 | D:14     | XOM: blink monster(s)
 13625 | D:14     | XOM: summons 3 hostile demons
 13631 | D:14     | Mangled by a skeletal warrior

Illustrated notes

Levels and vault maps discovered:
D:1:      minmay_arrival_nine_rooms, layout_basic, ebering_ecumenical_altar_rust
D:2:      layout_basic, minmay_misc_feat_columns, hangedman_decor_slide_cut
D:3:      minmay_spotlight, layout_basic, elyvilon_altar_3, lemuel_tele_altar,
          minmay_misc_feat_roman, minmay_misc_feat_alley
D:4:      layout_basic
D:5:      layout_basic, temple_green, nicolae_concentric_dashed_squares_wild,
          minmay_chambers_of_fives, uniq_eustachio, uniq_crazy_yiuf_cottage,
          uniq_edmund, uniq_blork_the_orc
D:6:      layout_rooms, nicolae_ru_awakened_eye,
          worldfamousw_hep_ancestral_shrine, hex_medium, uniq_grinder,
          uniq_prince_ribbit1
D:7:      layout_loops_ring, serial_bayou_lagoon_b
D:8:      layout_loops_ring, mainiacjoe_overflow_brackets, serial_shops,
          nicolae_shop_behind_doors, gammafunk_ghost_necromancy,
          nicolae_underground_beach, uniq_psyche
D:9:      wad_arrow_thing, layout_basic,
          pdpol_temple_overflow_zin_treasury_gozag_greed, amcnicky_altar_gilded
D:10:     layout_stronghold, nicolae_good_shop, uniq_snorg
D:11:     layout_rooms, grunt_lair_entry_orc_guard_hut
D:12:     layout_cave_pools, kennysheep_orc_sif_temple
D:13:     layout_basic, hangedman_tell_no_tales
D:14:     layout_roguey, david_vaults_4,
          nicolae_uskayaw_murder_on_the_dancefloor, gammafunk_ghost_hive,
          uniq_jorgrun, uniq_rupert

Skill      XL: |  1  2  3  4  5  6  7  8  9 10 11 12 |
---------------+-------------------------------------+-----
Dodging        | 1 2 3 5 6 7 8 |  8.2
Long Blades    | 3 4 5 6 8 10 11 12 | 12.3
Armour         | 2 3 4 5 |  5.9
Fighting       | 4 5 6 7 8 9 |  9.5
Stealth        | 1 2 3 |  3.8
Shields        | 1 2 3 5 7 8 |  8.2
Evocations     | 1 |  1.9

Action                   |  1- 3 |  4- 6 |  7- 9 | 10-12 || total
-------------------------+-------+-------+-------+-------++-------
Melee: Falchion          |    90 |    98 |   242 |   457 ||   887
       Headbutt          |       |     4 |    42 |   122 ||   168
       Kick              |       |       |       |    64 ||    64
Evoke: Wand              |       |     6 |     2 |    26 ||    34
  Use: Scroll            |       |       |    10 |     7 ||    17
       Potion            |       |       |     5 |     6 ||    11
 Stab: Sleeping          |       |     2 |     1 |     7 ||    10
       Paralysed         |       |     2 |     1 |     1 ||     4
       Confused          |       |       |     5 |     2 ||     7
       Petrifying        |       |       |     1 |       ||     1
       Distracted        |       |       |     1 |       ||     1
Armor: Leather armour    |    48 |    29 |    74 |       ||   151
       Skin              |       |       |     5 |       ||     5
       Troll leather arm |       |       |     4 |    79 ||    83
Dodge: Dodged            |    56 |    49 |   102 |   162 ||   369
Block: Other             |    11 |    22 |    34 |       ||    67
       Buckler           |       |       |    22 |   260 ||   282
       Reflection        |       |       |       |    18 ||    18

Table legend: (Time is in decaauts)
 A = Elapsed time spent in this place.
 B = Non-inter-level travel time spent in this place.
 C = Inter-level travel time spent in this place.
 D = Time resting spent in this place.
 E = Time spent auto-exploring this place.
 F = Levels seen in this place.
 G = Mean time per level.
                   A        B        C        D        E       F      G
               +--------+--------+--------+--------+--------+-----+--------+
         Total |  13554 |  13029 |    525 |      0 |  10661 |  14 |  968.1 |
       Dungeon |  13554 |  13029 |    525 |      0 |  10661 |  14 |  968.1 |
               +--------+--------+--------+--------+--------+-----+--------+

Top non-repeatable levels by time:
     D:4: 1414 daAuts
     D:1: 1308 daAuts
     D:6: 1231 daAuts
     D:9: 1217 daAuts
    D:10: 1159 daAuts
     D:5: 1134 daAuts
     D:7: 1078 daAuts
     D:8: 1041 daAuts
     D:3: 925 daAuts
    D:13: 787 daAuts
    D:12: 737 daAuts
     D:2: 717 daAuts
    D:11: 683 daAuts
    D:14: 120 daAuts
